 Dungeon Crawl Stone Soup version 0.31.0-12-g77e489cdc1 (webtiles) character file.

Game seed: 13097525386090027500

101 Killerpretzel the Changeling (level 4, -3/29 HPs)
             Began as an Octopode Shapeshifter on Mar 7, 2024.
             Slain by Pikel
             ... wielding a +1 whip of freezing
              (7 damage)
             ... on level 4 of the Dungeon.
             The game lasted 00:03:35 (2210 turns).

Killerpretzel the Changeling (OpSh)                 Turns: 2210, Time: 00:03:36

Health: -3/29      AC:  1    Str: 13    XL:     4   Next: 75%
Magic:  4/4        EV: 13    Int: 12    God:
Gold:   91         SH:  0    Dex: 13    Spells: 3/3 levels left

rFire   . .          .
                       - Unarmed
rCold   . . .        (no shield)
rNeg    . . .        (helmet currently unavailable)
rPois   .            (no amulet)
rElec   .            j - ring of see invisible
rCorr   .            l - ring of willpower
SInv    +            (no ring)
Will    +....        (no ring)
Stlth   ++           (no ring)
HPRegen 0.24/turn    (no ring)
MPRegen 0.09/turn    (no ring)
                     (no ring)

%: no passive effects
@: beast-form
A: beast (slay +2), almost no armour, amphibious, 8 rings, camouflage 1,
gelatinous body 1, (nimble swimmer 1), tentacles
a: Begin Untransformation


You were on level 4 of the Dungeon.
You were a hulking beast.
You visited 1 branch of the dungeon, and saw 4 of its levels.

You collected 91 gold pieces.

Inventory:

Missiles
 h - 3 javelins (quivered)
Jewellery
 j - a ring of see invisible (left tentacle)
 l - a ring of willpower (right tentacle)
Talismans
 b - a beast talisman
 c - a flux talisman
Wands
 k - a wand of roots (9)
 m - a wand of polymorph (12)
 p - a wand of mindburst (15)
Scrolls
 e - a scroll of teleportation
 n - a scroll of amnesia
Potions
 a - 2 potions of lignification
 d - a potion of mutation
 f - 2 potions of might
 i - a potion of haste


   Skills:
 + Level 2.1 Fighting
 + Level 2.8 Dodging
 + Level 3.5 Unarmed Combat
 * Level 3.8 Shapeshifting


You had 3 spell levels left.
You didn't know any spells.
Your spell library contained the following spells:

 Spells                   Type           Power      Damage    Failure   Level
 Foxfire                  Conj/Fire      0%         2x1d4     32%         1
 Sublimation of Blood     Necr           0%         N/A       45%         2
 Fugue of the Fallen      Necr           0%         N/A       69%         3
 Ozocubu's Armour         Ice            0%         N/A       69%         3
 Manifold Assault         Tloc           0%         N/A       97%         4
 Petrify                  Alch/Erth      0%         N/A       97%         4
 Irradiate                Conj/Alch      0%         3d11      100%        5
 Plasma Beam              Fire/Air       0%         2x1d10    100%        6
 Starburst                Conj/Fire      0%         6d3       100%        6


Dungeon Overview and Level Annotations

Branches:
Dungeon (4/15)
 Temple: D:4-7

Altars:

Shops:
D:1 (

Annotations:
D:4 Pikel


Innate Abilities, Weirdness & Mutations

You are a hulking beast.
Your limbs bulge with bestial killing power. (Slay +2)
You cannot wear most types of armour.
You are amphibious.
You can wear up to eight rings at the same time.
Your skin changes colour to match your surroundings (Stealth+).
Your rubbery body absorbs attacks. (AC +1, EV +1)
((You are camouflaged when in or above water. (Stealth+)))
You have tentacles for arms and can constrict up to eight enemies at once.


Message History

Aim: Pikel, wielding a +1 whip of freezing and wearing a +0 robe (asleep, chance to affect: 64%) Pikel shouts!
Pikel's mind is blasted!
The lemure shouts! x4
Aiming: Mindburst
Press: ? - help, Shift-Dir - straight line, f/p - Pikel
Aim: Pikel, wielding a +1 whip of freezing and wearing a +0 robe (lightly wounded, chance to affect: 64%) Pikel struggles to resist.
You hear an angry hiss.
Aiming: Mindburst
Press: ? - help, Shift-Dir - straight line, f/p - Pikel
Aim: Pikel, wielding a +1 whip of freezing and wearing a +0 robe (lightly wounded, chance to affect: 64%) Pikel struggles to resist.
You hear an angry hiss.
An iguana comes into view.
The lemure closely misses you.
The iguana hisses angrily.
You tentacle-slap Pikel. You grab Pikel. You squeeze Pikel.
Pikel is moderately wounded.
You constrict Pikel, but do no damage. You tentacle-slap Pikel.
Pikel is moderately wounded.
You constrict Pikel. The lemure hits you.
You bludgeon Pikel!
Pikel is severely wounded.
You constrict Pikel, but do no damage.
Pikel hits you with a +1 whip of freezing!
Pikel freezes you. The lemure hits you.
You tentacle-slap Pikel.
Pikel is severely wounded.
You constrict Pikel.
Pikel hits you with a +1 whip of freezing.
Pikel freezes you. The lemure hits you.
* * * LOW HITPOINT WARNING * * *
You tentacle-slap Pikel.
Pikel is severely wounded.
You constrict Pikel.
Pikel hits you with a +1 whip of freezing!
You die...
Pikel says, "Another soul for the market."

######## ....
#....#......#+##....
#....#..............
#....#..............
#....#..............
#....#..............
#..l5#.......#+##
#..55#.......#..#
#..5Kh.......'.<+
##+###.......#.##
.........####+#
$........#
..........#
..........#
..........#
..........#
.....#+###


You could see Pikel, 4 lemures and an iguana.

Vanquished Creatures
  Ijyb (D:3)
  2 adders
  2 dart slugs
  3 bats
  5 endoplasms
  A giant cockroach (D:3)
  10 goblins
  9 hobgoblins
  4 jackals (D:2)
  2 kobolds
  A quokka (D:1)
  3 ball pythons
  A frilled lizard (D:1)
  5 rats
49 creatures vanquished.

Notes
Turn   | Place    | Note
-------+----------+-------------------------------------------
     0 | D:1      | Killerpretzel the Octopode Shapeshifter began the quest for
                  | the Orb.
     0 | D:1      | Reached XP level 1. HP: 13/13 MP: 1/1
    34 | D:1      | Found Ikajopew's Antique Weapon Shoppe.
   128 | D:1      | Reached XP level 2. HP: 16/18 MP: 2/2
   807 | D:1      | Reached XP level 3. HP: 20/23 MP: 3/3
  1096 | D:2      | Found a faded altar of an unknown god.
  1656 | D:3      | Reached XP level 4. HP: 29/29 MP: 4/4
  1693 | D:3      | Noticed Ijyb
  1721 | D:3      | Killed Ijyb
  2200 | D:4      | Noticed a lemure
  2200 | D:4      | Noticed a lemure
  2201 | D:4      | Noticed Pikel
  2201 | D:4      | Noticed a lemure
  2201 | D:4      | Noticed a lemure
  2210 | D:4      | Slain by Pikel

Illustrated notes

Levels and vault maps discovered:
D:1:      ebering_hopf_link, layout_loops_corners, serial_shops, shop_statue
D:2:      layout_loops_ring, shapermc_ecumenical_altar_mp_urbaneastern
D:3:      layout_basic, uniq_ijyb
D:4:      layout_gridville, serial_library_hellmonk_hallway_a, uniq_pikel

Skill      XL: |  1  2  3  4 |
---------------+-------------+-----
Fighting       | 2 |  2.1
Dodging        | |  2.8
Unarmed Combat | |  3.5
Shapeshifting  | |  3.8

Action                     |  1- 3 |  4- 6 || total
---------------------------+-------+-------++-------
  Melee: Unarmed           |    80 |    26 ||   106
         Constrict         |    19 |     4 ||    23
         Tentacles         |     6 |     2 ||     8
         Punch             |     4 |     1 ||     5
  Throw: Javelin           |       |     2 ||     2
  Evoke: Wand              |       |     3 ||     3
    Use: Scroll            |     4 |     3 ||     7
   Stab: Sleeping          |     5 |     2 ||     7
 Armour: Skin              |    33 |    13 ||    46
  Dodge: Dodged            |    50 |     8 ||    58
